 Dungeon Crawl Stone Soup version 0.20.2-3-g29329e0561 (webtiles) character file.

1092 Alfie the Slasher (level 8, -13/69 HPs)
             Began as a Minotaur Fighter on Mar 3, 2021.
             Mangled by a two-headed ogre
             ... wielding a +0 giant club
              (27 damage)
             ... on level 6 of the Dungeon.
             The game lasted 00:11:27 (4136 turns).

Alfie the Slasher (Minotaur Fighter)                Turns: 4136, Time: 00:11:27

Health: -13/69     AC:  9    Str: 23    XL:     8   Next: 9%
Magic:  7/7        EV:  9    Int:  7    God:
Gold:   230        SH: 10    Dex: 10    Spells: 7/7 levels left

rFire    . . .     SeeInvis .   a - +2 long sword
rCold    . . .     Gourm    .   c - +0 shield
rNeg     . . .     Faith    .   b - +0 scale mail
rPois    .         Spirit   .   (helmet restricted)
rElec    .         Reflect  .   e - +0 cloak
rCorr    .         Harm     .   (no gloves)
MR       .....                  (no boots)
Stlth    ..........             (no amulet)
Regen    0.3/turn               t - +2 ring of intelligence
MPRegen  0.1/turn               (no ring)

@: no status effects
A: retaliatory headbutt, horns 2
a: no special abilities


You were on level 6 of the Dungeon.
You were not hungry.

You visited 1 branch of the dungeon, and saw 6 of its levels.

You collected 230 gold pieces.

Inventory:

Hand Weapons
 a - a +2 long sword (weapon)
Armour
 b - a +0 scale mail (worn)
 c - a +0 shield (worn)
 e - a +0 cloak (worn)
Jewellery
 t - a +2 ring of intelligence (left hand)
 y - a +4 ring of intelligence
Scrolls
 f - a scroll of identify
 g - a scroll of amnesia {unknown}
 h - 2 scrolls of fog
 j - a scroll of teleportation
 l - a scroll of magic mapping {unknown}
 p - a scroll of random uselessness {unknown}
 r - 2 scrolls of remove curse
 s - 3 scrolls of blinking {unknown}
 w - a scroll of fear {unknown}
 x - 3 scrolls of recharging {unknown}
 B - a scroll of enchant weapon
Potions
 d - a potion of might
 k - a potion of cancellation {unknown}
 m - 2 potions of ambrosia {unknown}
 n - 5 potions of curing
 o - 4 potions of brilliance {unknown}
 v - a potion of lignification {unknown}
 z - a potion of mutation {unknown}
 A - a potion of heal wounds {unknown}
Comestibles
 q - a meat ration
 u - 4 bread rations


   Skills:
 + Level 5.5 Fighting
 + Level 6.9 Long Blades
 + Level 6.5 Armour
 + Level 2.1 Dodging
 + Level 1.0 Stealth
 + Level 6.4 Shields


You had 7 spell levels left.
You didn't know any spells.

Dungeon Overview and Level Annotations

Branches:
Dungeon (6/15)
 Temple: D:4-7

Altars:
Ashenzari
Dithmenos
Elyvilon
Okawaru
Uskayaw
Yredelemnul


Innate Abilities, Weirdness & Mutations

You reflexively headbutt those who attack you in melee.
You have a pair of horns on your head.


Message History

You kill the orc!
The orc hits you but does no damage. The orc hits you.
The two-headed ogre hits you with a giant club.
The two-headed ogre hits you with a giant club!
You block the orc's attack.
Things that are here:
a flail; an orc corpse You closely miss the two-headed ogre.
The two-headed ogre closely misses you. You block the two-headed ogre's attack.
The orc hits you but does no damage.
You hit the orc but do no damage.
The orc is almost dead.
The orc barely misses you.
You riposte.
You hit the orc but do no damage.
The orc is almost dead.
You hit the orc.
You kill the orc!
The two-headed ogre hits you with a giant club!!
The two-headed ogre hits you with a giant club!
* * * LOW HITPOINT WARNING * * *
The two-headed ogre hits you with a giant club!!
You die...

.#####.#.#######
.#.....#.....).#
.#.###########.# ###.###
.#.#.........#.####.......
.>...........#.#..........
...#.........#.#.#........
...#.........#.#.#........
)..##..........#.#>......
†..##..........#@#o..#####
#).............()Oo.......
)).............###o..#####
##.##..........###...#####
#.# #.#+#####.##.........
.# .# #.#........#+ .. #
#.#..oo....# ##
..#Oo?.....# ###.........#


You could see a two-headed ogre and 2 orcs.

Vanquished Creatures
  Eustachio (D:4)
  3 ogres
  A centaur (D:6)
  A bullfrog (D:6)
  A scorpion (D:4)
  2 howler monkeys (D:4)
  A gnoll shaman (D:5)
  Jessica (D:3)
  An iguana (D:5)
  2 worker ants
  11 gnolls
  10 adders
  2 oozes (D:2)
  3 worms
  4 dart slugs
  2 leopard geckos
  4 orcs
  6 bats
  3 giant cockroaches
  7 goblins
  9 hobgoblins
  4 jackals (D:5)
  2 ball pythons
  2 frilled lizards
  7 kobolds
  4 rats
94 creatures vanquished.

Notes
Turn   | Place    | Note
-------+----------+-------------------------------------------
     0 | D:1      | Alfie the Minotaur Fighter began the quest for the Orb.
     0 | D:1      | Reached XP level 1. HP: 19/19 MP: 0/0
   189 | D:1      | Reached XP level 2. HP: 27/27 MP: 1/1
   896 | D:2      | Reached XP level 3. HP: 34/34 MP: 2/2
  1017 | D:2      | Found a basalt altar of Yredelemnul.
  1075 | D:2      | Found a white marble altar of Elyvilon.
  1293 | D:2      | Reached XP level 4. HP: 39/41 MP: 3/3
  1551 | D:2      | Found a shattered altar of Ashenzari.
  1864 | D:3      | Noticed Jessica
  1881 | D:3      | Killed Jessica
  1881 | D:3      | Reached XP level 5. HP: 41/47 MP: 4/4
  1973 | D:3      | Found a shadowy altar of Dithmenos.
  2563 | D:4      | Noticed Eustachio
  2584 | D:4      | Killed Eustachio
  2584 | D:4      | Reached skill level 5 in Long Blades
  2584 | D:4      | Reached skill level 5 in Armour
  2584 | D:4      | Reached skill level 5 in Shields
  2584 | D:4      | Reached XP level 6. HP: 42/53 MP: 5/5
  2620 | D:4      | Reached skill level 1 in Dodging
  2620 | D:4      | Reached skill level 1 in Stealth
  3049 | D:4      | Reached XP level 7. HP: 60/60 MP: 6/6
  3254 | D:5      | Entered Level 5 of the Dungeon
  3267 | D:5      | Found an iron altar of Okawaru.
  3639 | D:5      | Reached skill level 5 in Fighting
  3970 | D:5      | Found a hide-covered altar of Uskayaw.
  4083 | D:6      | Reached XP level 8. HP: 55/69 MP: 7/7
  4123 | D:6      | Noticed a two-headed ogre
  4136 | D:6      | Mangled by a two-headed ogre

Skill      XL: |  1  2  3  4  5  6  7 |
---------------+----------------------+-----
Fighting       | 4 5 |  5.5
Shields        | 4 5 6 |  6.4
Long Blades    | 3 4 5 6 |  6.9
Armour         | 4 5 6 |  6.5
Dodging        | 1 2 |  2.1
Stealth        | 1 |  1.0

Action                   |  1- 3 |  4- 6 |  7- 9 || total
-------------------------+-------+-------+-------++-------
Melee: Long sword        |    55 |   111 |    75 ||   241
       Headbutt          |     9 |    16 |    20 ||    45
  Use: Scroll            |       |     6 |     2 ||     8
  Eat: Bread ration      |     1 |     1 |       ||     2
       Fruit             |       |       |     2 ||     2
Armor: Scale mail        |    22 |    39 |    16 ||    77
Dodge: Dodged            |    24 |    34 |    31 ||    89
Block: Shield            |    31 |    61 |    54 ||   146
       Rpst.: Long sword |     3 |     9 |    12 ||    24
